 Dungeon Crawl Stone Soup version 0.26.0-20-g3ca415f5b8 (webtiles) character file.

Game seed: 763672277956767028

35 hatsuma the Magician (level 3, -10/19 HPs)
             Began as a Deep Elf Hedge Wizard on Jan 24, 2021.
             Mangled by an ogre
             ... wielding a +0 giant spiked club
              (29 damage)
             ... on level 2 of the Dungeon.
             The game lasted 00:10:05 (1404 turns).

hatsuma the Magician (Deep Elf Hedge Wizard)        Turns: 1404, Time: 00:10:06

Health: -10/19     AC:  3    Str:  7    XL:     3   Next: 16%
Magic:  0/10       EV: 13    Int: 19    God:
Gold:   31         SH:  0    Dex: 14    Spells: 0/10 levels left

rFire    . . .     SeeInvis .   a - +0 dagger
rCold    . . .     Faith    .   (no shield)
rNeg     . . .     Spirit   .   b - +0 robe
rPois    .         Reflect  .   c - +0 hat
rElec    .         Harm     .   (no cloak)
rCorr    .         Rampage  .   (no gloves)
Will     .....                  d - +0 pair of boots
Stlth    ++........             k - amulet of regeneration
HPRegen  0.46/turn              (no ring)
MPRegen  0.12/turn              (no ring)

@: no status effects
A: no striking features
a: no special abilities


You were on level 2 of the Dungeon.
You visited 1 branch of the dungeon, and saw 2 of its levels.

You collected 31 gold pieces.

Inventory:

Hand Weapons
 a - a +0 dagger (weapon)
Armour
 b - a +0 robe (worn)
 c - a +0 hat (worn)
 d - a +0 pair of boots (worn)
Jewellery
 k - an amulet of regeneration (around neck)
Scrolls
 e - a scroll of amnesia {unknown}
 f - 2 scrolls of remove curse {unknown}
 h - a scroll of identify {unknown}
 o - a scroll of immolation {unknown}
 p - a scroll of enchant armour {unknown}
Potions
 g - a potion of curing {unknown}
 i - a potion of degeneration {unknown}
 j - a potion of mutation {unknown}
 l - a potion of cancellation {unknown}
 m - a potion of lignification {unknown}
 n - 2 potions of attraction {unknown}
 q - 2 potions of brilliance {unknown}


   Skills:
 - Level 2.4 Dodging
 - Level 2.4 Stealth
 - Level 4.4 Spellcasting
 - Level 2.0 Conjurations
 - Level 2.0 Hexes
 - Level 2.0 Summonings
 - Level 1.2 Translocations
 + Level 0.6 Poison Magic


You couldn't memorise any spells.
You knew the following spells:

 Your Spells              Type           Power        Failure   Level
a - Magic Dart            Conj           44%          6%          1
b - Call Imp              Summ           11%          9%          2
c - Blink                 Tloc           N/A          12%         2
d - Slow                  Hex            11%          9%          2
e - Mephitic Cloud        Conj/Pois/Air  7%           28%         3

Your spell library contained the following spells:

 Spells                   Type           Power        Failure   Level
 Conjure Flame            Conj/Fire      8%           26%         3


Dungeon Overview and Level Annotations

Branches:
Dungeon (2/15)

Altars:


Message History

There is a stone staircase leading up here.
Things that are here:
a jackal skeleton; a jackal skeleton You see here an adder skeleton.
The ogre barely misses you.
A kobold comes into view. It is wielding a +0 short sword.
Casting: Magic Dart (safe; 6% risk of failure)
Confirm with . or Enter, or press ? or * to list all spells.
A beastly little devil appears in a puff of flame.
Your crimson imp blinks!
The ogre misses you.
Casting: Call Imp (safe; 9% risk of failure)
Confirm with . or Enter, or press ? or * to list all spells.
A beastly little devil appears in a puff of flame.
Your crimson imp blinks!
You hit the ogre.
The ogre is severely wounded.
The ogre hits you with a +0 giant spiked club!!
Ouch! That really hurt!
You die...

#.# ##.#########.### #.#
#.........#....# #.#
#.........#....# #.#
#.........#....# #.#
#......)..#....# #.#
#.........#....# #.#
##.#########'#.##
##.############.#########.#...
#............@O.....5.........
#..############5#########.#.#.
#............รท..# #.#.#.
#.############### ....#.
####.####### ######.
#...>....... #. #.##.###.#.#
.... #. #.# ...K.. #. #.#
.....#


You could see an ogre and 2 friendly crimson imps.

Vanquished Creatures
  A leopard gecko (D:1)
  3 goblins (D:1)
  A hobgoblin (D:2)
  3 jackals (D:2)
  2 bats (D:1)
  2 frilled lizards (D:1)
  4 kobolds
  4 rats
20 creatures vanquished.

Vanquished Creatures (collateral kills)
  An adder (D:2)
  A dart slug (D:1)
  A leopard gecko (D:2)
  A goblin (D:2)
  A hobgoblin (D:1)
  A jackal (D:2)
  A rat (D:2)
7 creatures vanquished.

Grand Total: 27 creatures vanquished

Notes
Turn   | Place    | Note
-------+----------+-------------------------------------------
     0 | D:1      | hatsuma the Deep Elf Hedge Wizard began the quest for the
                  | Orb.
     0 | D:1      | Reached XP level 1. HP: 10/10 MP: 7/7
   383 | D:1      | Reached XP level 2. HP: 15/15 MP: 7/9
   386 | D:1      | Learned a level 2 spell: Call Imp
   389 | D:1      | Learned a level 2 spell: Blink
   392 | D:1      | Learned a level 2 spell: Slow
   947 | D:2      | Reached skill level 1 in Hexes
  1063 | D:2      | Reached XP level 3. HP: 18/19 MP: 4/10
  1067 | D:2      | Learned a level 3 spell: Mephitic Cloud
  1282 | D:2      | Noticed an ogre
  1404 | D:2      | Mangled by an ogre

Illustrated notes

Levels and vault maps discovered:
D:1:      scummos_arrival_gate, layout_basic, st_stairs_13
D:2:      layout_basic, grunt_decor_mini_mirrors,
          nicolae_gozag_cash_rules_everything_around_me

Skill      XL: |  1  2 |
---------------+-------+-----
Conjurations   | 2 |  2.0
Summonings     | 2 |  2.0
Hexes          | 2 |  2.0
Dodging        | |  2.4
Stealth        | |  2.4
Spellcasting   | |  4.4
Translocations | |  1.2
Poison Magic   | |  0.6

Action                   || total
-------------------------++-------
Melee: Dagger            ||    31
 Cast: Magic Dart        ||    30
       Call Imp          ||    15
       Slow              ||     2
 Stab: Sleeping          ||     1
Armor: Robe              ||     9
Dodge: Dodged            ||    38
